 Dungeon Crawl Stone Soup version 0.23.1-37-gaa34b87 (webtiles) character file.

Game seed: 14590354065208461362

93 redwoodhats the Chiller (level 4, 0/30 HPs)
             Began as a Demonspawn Ice Elementalist on Mar 22, 2019.
             Slain by a phantom (3 damage)
             ... on level 3 of the Dungeon.
             The game lasted 00:15:54 (2341 turns).

redwoodhats the Chiller (DsIE)                      Turns: 2341, Time: 00:15:54

Health: 0/30       AC:  5    Str: 14    XL:     4   Next: 36%
Magic:  1/8        EV: 12    Int: 17    God:
Gold:   88         SH:  0    Dex: 13    Spells: 5/8 levels left

rFire    . . .     SeeInvis .   e - +1 dagger (venom)
rCold    . . .     Gourm    .   (no shield)
rNeg     . . .     Faith    .   h - +2 leather armour {rPois}
rPois    +         Spirit   .   (no helmet)
rElec    .         Reflect  .   j - scarf {repulsion}
rCorr    .         Harm     .   (no gloves)
MR       .....                  (no boots)
Stlth    ++........             (no amulet)
HPRegen  0.10/turn              i - ring of flight
MPRegen  0.11/turn              (no ring)

@: mighty, repel missiles
A: claws 1
a: Evoke Flight


You were on level 3 of the Dungeon.
You were not hungry.

You visited 1 branch of the dungeon, and saw 3 of its levels.

You collected 88 gold pieces.

Inventory:

Hand Weapons
 e - a +1 dagger of venom (weapon)
Armour
 a - a +0 robe
 h - a +2 leather armour of poison resistance (worn)
 j - a scarf of repulsion (worn)
Jewellery
 d - an uncursed ring of positive energy {unknown}
 i - a ring of flight (left claw)
Scrolls
 f - 2 scrolls of amnesia
 g - a scroll of identify
Comestibles
 c - 2 rations


   Skills:
 + Level 0.8 Short Blades
 + Level 0.8 Armour
 + Level 2.0 Dodging
 + Level 1.8 Stealth
 + Level 2.8 Spellcasting
 + Level 1.0 Conjurations
 + Level 3.6 Ice Magic


You had 5 spell levels left.
You knew the following spells:

 Your Spells              Type           Power        Failure   Level  Hunger
a - Freeze                Ice            ##..         4%          1    #......
b - Throw Frost           Conj/Ice       ##....       12%         2    ##.....

Your spell library contained the following spells:

 Spells                   Type           Power        Failure   Level  Hunger
 Ozocubu's Armour         Chrm/Ice       #.......     30%         3    ###....
 Throw Icicle             Conj/Ice       ##......     63%         4    #####..
 Summon Ice Beast         Ice/Summ       #.......     71%         4    #####..


Dungeon Overview and Level Annotations

Branches:
Dungeon (3/15)

Altars:
Cheibriados
Zin
The Shining One

Annotations:
D:3 Jessica


Innate Abilities, Weirdness & Mutations

You have sharp fingernails.


Message History

You hit the phantom.
The phantom is lightly damaged.
The phantom closely misses you.
You hit the phantom but do no damage.
The phantom is lightly damaged.
The phantom hits you but does no damage.
You hit the phantom.
The phantom is lightly damaged.
The phantom barely misses you.
You puncture the phantom!
The phantom is heavily damaged.
The phantom hits you.
* * * LOW HITPOINT WARNING * * *
You hit the phantom.
The phantom is heavily damaged.
The phantom hits you but does no damage.
You closely miss the phantom.
The phantom is heavily damaged.
The phantom hits you.
You die...

#.........###
#......(.....
#[)......########
#<.....[.........
##.........#######
#...........# #
#.##........# #.# #...
#........# #.# #.##
#.@W.....# #.#
#..###........## #.#
##...#.........### #.#
##.............####.#
##................##.#
#..##...>....#.......#
#.###........######).##
###(# ########## #...#
#.l(# #....


You could see a phantom.

Vanquished Creatures
  3 adders (D:2)
  3 worms (D:2)
  A dart slug (D:2)
  3 leopard geckos
  2 ball pythons
  4 giant cockroaches
  2 goblins (D:2)
  4 hobgoblins
  6 kobolds
  9 bats
  9 frilled lizards
  8 rats
54 creatures vanquished.

Notes
Turn   | Place    | Note
-------+----------+-------------------------------------------
     0 | D:1      | redwoodhats the Demonspawn Ice Elementalist began the quest
                  | for the Orb.
     0 | D:1      | Reached XP level 1. HP: 13/13 MP: 3/3
   117 | D:1      | Reached skill level 3 in Ice Magic
   174 | D:1      | Gained mutation: You have sharp fingernails. [demonic
                  | ancestry]
   174 | D:1      | Reached XP level 2. HP: 19/19 MP: 0/5
   717 | D:2      | Reached XP level 3. HP: 23/24 MP: 2/6
   721 | D:2      | Learned a level 2 spell: Throw Frost
  1108 | D:2      | Found a glowing silver altar of Zin.
  1124 | D:2      | Found a glowing golden altar of the Shining One.
  1125 | D:2      | Found a snail-covered altar of Cheibriados.
  1429 | D:2      | Reached XP level 4. HP: 24/30 MP: 5/8
  2231 | D:3      | Noticed a phantom
  2269 | D:3      | Noticed Jessica
  2341 | D:3      | Slain by a phantom

Skill      XL: |  1  2  3 |
---------------+----------+-----
Ice Magic      | 3 |  3.6
Dodging        | 2 |  2.0
Short Blades   | |  0.8
Armour         | |  0.8
Stealth        | |  1.8
Spellcasting   | |  2.8
Conjurations   | |  1.0

Action                   |  1- 3 |  4- 6 || total
-------------------------+-------+-------++-------
Melee: Dagger            |    39 |    28 ||    67
 Cast: Freeze            |    48 |    18 ||    66
       Throw Frost       |     7 |    10 ||    17
 Abil: Evoke Flight      |       |     1 ||     1
  Use: Potion            |     3 |     3 ||     6
       Scroll            |     1 |     5 ||     6
  Eat: Ration            |     1 |     1 ||     2
Armor: Robe              |     2 |       ||     2
       Leather armour    |    23 |     8 ||    31
Dodge: Dodged            |    46 |    34 ||    80
       Deflected         |       |     4 ||     4
